 Dungeon Crawl Stone Soup version 0.26.0-45-g9c1d065592 (webtiles) character file.

Game seed: 16455723485724920347

16534 trckry the Quickloader (level 12, -10/72 HPs)
             Began as a Tengu Hunter on Jan 31, 2021.
             Was a High Priest of Okawaru.
             Mangled by a reaper
             ... wielding a +0 scythe of freezing
              (35 damage)
             ... in an ice cave on Feb 1, 2021.
             The game lasted 00:46:19 (18841 turns).

trckry the Quickloader (Tengu Hunter)              Turns: 18841, Time: 00:46:20

Health: -10/72     AC: 19    Str: 20    XL:     12   Next: 38%
Magic:  1/17       EV: 15    Int: 13    God:    Okawaru [*****.]
Gold:   591        SH:  5    Dex: 15    Spells: 11/11 levels left

rFire    x . .     SeeInvis .   a - +1 arbalest
rCold    + + .     Faith    .   (shield currently unavailable)
rNeg     . . .     Spirit   .   y - +0 plate armour
rPois    +         Reflect  +   G - +0 hat of Fanaticism {rPois Str+4}
rElec    .         Harm     .   x - +0 cloak {rC+}
rCorr    .         Rampage  .   f - +1 pair of gloves
Will     .....                  (boots unavailable)
Stlth    ..........             j - amulet of reflection
HPRegen  0.22/turn              t - ring of poison resistance
MPRegen  0.15/turn              A - ring of ice

@: about to teleport, heroism, finesse, flying quickly and evasively, quick
A: beak, talons 3, able to fly
a: Stop Flying, Renounce Religion, Heroism, Finesse


You were in an ice cave.
You worshipped Okawaru.
Okawaru was extremely pleased with you.
You visited 2 branches of the dungeon, and saw 12 of its levels.
You also visited: Sewer and Ice Cave.

You collected 591 gold pieces.

Inventory:

Hand Weapons
 a - a +1 arbalest (weapon)
 b - the +2 lajatang of the Fray {antimagic, rN+ Dex+4}
   (Okawaru gifted it to you on level 9 of the Dungeon)

   It reduces the magical energy of the wielder, and disrupts the spells and
   magical abilities of those hit.
   Natural abilities and divine invocations are not affected.
   It affects your dexterity (+4).
   It protects you from negative energy.
Missiles
 d - 102 bolts (quivered ammo)
 k - 59 poisoned darts
 o - 2 throwing nets
 F - 5 curare-tipped darts
Armour
 f - a +1 pair of gloves (worn)
 l - a +2 cloak
 x - a +0 cloak of cold resistance (worn)
 y - a +0 plate armour (worn)
 E - a +1 hat
 G - the +0 hat of Fanaticism (worn) {rPois Str+4}
   (You found it in an ice cave)

   It affects your strength (+4).
   It protects you from poison.
Jewellery
 j - an amulet of reflection (around neck)
 t - a ring of poison resistance (left hand)
 A - a ring of ice (right hand)
Wands
 p - a wand of iceblast (15)
 s - a wand of paralysis (8)
 w - a wand of random effects (9)
Scrolls
 i - 4 scrolls of identify
 m - 9 scrolls of remove curse
 n - 3 scrolls of magic mapping
 q - 3 scrolls of teleportation
 r - 3 scrolls of enchant armour
 u - 2 scrolls of fog
Potions
 g - 11 potions of curing
 h - 4 potions of haste
 v - 2 potions of lignification
 z - a potion of ambrosia {unknown}
 B - a potion of might {unknown}
 C - a potion of mutation {unknown}
 D - 2 potions of cancellation {unknown}


   Skills:
 + Level 7.5(12.5) Fighting
 + Level 7.8(12.8) Staves
 * Level 12.0(17.0) Crossbows
 + Level 7.1(12.1) Armour
 + Level 7.1(12.1) Dodging
 - Level 1.0(6.0) Stealth
 + Level 6.5 Invocations
 + Level 7.2 Evocations


You had 11 spell levels left.
You didn't know any spells.
Your spell library contained the following spells:

 Spells                   Type           Power        Failure   Level
 Beastly Appendage        Tmut           0%           99%         1
 Magic Dart               Conj           0%           99%         1
 Sandblast                Erth           0%           99%         1
 Blink                    Tloc           N/A          100%        2
 Call Imp                 Summ           0%           100%        2
 Passwall                 Tmut/Erth      0%           100%        2
 Slow                     Hex            0%           100%        2
 Wereblood                Tmut           0%           100%        2
 Conjure Flame            Conj/Fire      0%           100%        3
 Mephitic Cloud           Conj/Pois/Air  0%           100%        3
 Spider Form              Tmut/Pois      0%           100%        3
 Stone Arrow              Conj/Erth      0%           100%        3
 Ice Form                 Ice/Tmut       0%           100%        4
 Petrify                  Tmut/Erth      0%           100%        4
 Blade Hands              Tmut           0%           100%        5
 Bolt of Magma            Conj/Fire/Erth 0%           100%        5
 Iskenderun's Battlesphe  Conj           0%           100%        5
 Lee's Rapid Deconstruct  Erth           0%           100%        5
 Iron Shot                Conj/Erth      0%           100%        6
 Orb of Destruction       Conj           0%           100%        7
 Spellforged Servitor     Conj/Summ      0%           100%        7


Dungeon Overview and Level Annotations

Branches:
Dungeon (11/15)            Temple (1/1) D:5            Lair (0/6) D:10
    Orc (0/2) D:11          Sewer (visited)           IceCv (1/1)

Altars:
Ashenzari
Cheibriados
Dithmenos
Elyvilon
Fedhas
Gozag
Hepliaklqana
Kikubaaqudgha
Makhleb
Nemelex Xobeh
Okawaru
Qazlal
Ru
Sif Muna
Trog
Uskayaw
Vehumet
Wu Jian
Xom
Yredelemnul
Zin
The Shining One

Shops:
D:6 :[[(   D:11 *


Innate Abilities, Weirdness & Mutations

You have a beak for a mouth.
You have claws for feet.
You can fly continuously.


Message History

You are engulfed in freezing vapours.
You resist.
Fire: 103 bolts
Press: ? - help, Q - select action, (/) - cycle Shift-Dir - straight line, f/p - reaper
Aim: a reaper, wielding a +0 scythe of freezing (freezing vapour, heavily wounded, 72% to hit)
You shoot a bolt. The bolt barely misses the reaper.
You are engulfed in freezing vapours.
You resist.
The reaper is engulfed in freezing vapours.
The reaper hits you from afar with a +0 scythe of freezing!!
* * * LOW HITPOINT WARNING * * *
The reaper freezes you.
* * * LOW HITPOINT WARNING * * *
You feel much better.
You are engulfed in freezing vapours.
You resist.
Okay, then.
Okay, then.
You are engulfed in freezing vapours.
You resist.
The reaper is engulfed in freezing vapours.
As you read the scroll of teleportation, it crumbles to dust.
You feel strangely unstable.
The reaper hits you from afar with a +0 scythe of freezing!!
You die...

#.....§.°§§#§§# #...##..##
2....☼○§○.§.§§# #..###...#
#..####§§.#§°§# ##.#.##..#
#(..§§§°☼§#§§§# ##....#..#
##..○§§§○☼#§≈§###....##..#
#(..#.§###°§§≈##....#..##
##..#§##.○§§..##...##..#
#.§#§#○○○○§#2.##..#..##
###§.§○.°○###☼@####..#
#.§.§☼..5# #°○§###.##
#.......## ##°○#§.##
##......# ##.☼..# #.....##
##..## ##...## #### ##.##
###


You could see a reaper.

Vanquished Creatures
  Gastronok (D:10)
  Erica (D:10)
  A two-headed ogre (D:9)
  An unseen horror (D:10)
  A cyclops (D:11)
  2 ice statues (IceCv)
  2 rime drakes (D:11)
  7 ice devils (IceCv)
  A komodo dragon (D:9)
  A troll (D:10)
  3 polar bears (D:9)
  Sigmund (D:4)
  8 yaks
  Menkaure (D:4)
  A water moccasin (D:10)
  6 orc warriors
  3 black bears
  2 phantoms
  4 ice beasts (D:9)
  7 sky beasts
  4 ogres
  A necrophage (D:9)
  3 wolves (D:9)
  2 centaurs
  5 big kobolds
  5 bullfrogs
  3 jellies
  5 scorpions
  A water moccasin skeleton (D:7)
  7 killer bees
  10 wights
  A howler monkey (D:8)
  4 electric eels
  A wyvern simulacrum (D:9)
  2 bullfrog zombies
  2 centaur zombies
  A quasit (D:8)
  Crazy Yiuf (D:7)
  9 orc priests
  4 hounds
  5 bullfrog skeletons
  3 centaur skeletons
  A gnoll shaman (D:7)
  14 orc wizards
  5 worker ants
  4 iguanas
  A bullfrog simulacrum (D:9)
  A worker ant zombie (D:6)
  7 gnolls
  12 adders
  A river rat (D:6)
  A shadow imp (D:7)
  12 white imps
  A howler monkey simulacrum (D:9)
  2 worker ant simulacra (D:9)
  16 ufetubi
  An ooze (D:5)
  5 adder skeletons
  4 worms
  2 dart slugs
  6 leopard geckos
  55 orcs
  10 bats
  10 giant cockroaches
  18 goblins
  12 hobgoblins
  15 jackals
  34 kobolds
  5 quokkas
  6 ball pythons
  8 frilled lizards
  2 giant cockroach zombies
  A quokka skeleton (D:5)
  A quokka zombie (D:4)
  7 rats
413 creatures vanquished.

Vanquished Creatures (others)
  2 white imps (IceCv)
  3 ufetubi (IceCv)
  50 fungi (D:10)
  40 plants
  2 withered plants (D:4)
97 creatures vanquished.

Grand Total: 510 creatures vanquished

Notes
Turn   | Place    | Note
-------+----------+-------------------------------------------
     0 | D:1      | trckry the Tengu Hunter began the quest for the Orb.
     0 | D:1      | Reached XP level 1. HP: 12/12 MP: 2/2
   333 | D:1      | Reached XP level 2. HP: 17/17 MP: 3/3
  1157 | D:2      | Reached XP level 3. HP: 21/21 MP: 4/4
  1384 | D:2      | Reached skill level 1 in Staves
  1394 | D:2      | Reached skill level 1 in Armour
  1645 | D:2      | Reached skill level 1 in Evocations
  1645 | D:2      | Reached XP level 4. HP: 16/27 MP: 5/5
  2517 | D:2      | Reached skill level 5 in Crossbows
  2784 | D:3      | Reached skill level 1 in Invocations
  3123 | D:3      | Gained mutation: You can fly continuously. [Tengu growth]
  3123 | D:3      | Reached XP level 5. HP: 24/31 MP: 6/6
  3786 | D:4      | Noticed Sigmund
  3794 | D:4      | Killed Sigmund
  3795 | D:4      | Reached XP level 6. HP: 29/36 MP: 6/8
  4049 | D:4      | Reached skill level 6 in Crossbows
  4125 | D:4      | Found a sacrificial altar of Ru.
  4199 | D:4      | Reached XP level 7. HP: 41/41 MP: 9/9
  4581 | D:4      | Noticed Menkaure
  4589 | D:4      | Killed Menkaure
  4936 | D:5      | Entered Level 5 of the Dungeon
  5135 | D:5      | Reached XP level 8. HP: 46/46 MP: 10/10
  5567 | D:5      | Found a staircase to the Ecumenical Temple.
  5589 | Temple   | Entered the Ecumenical Temple
  5729 | Temple   | Became a worshipper of Warmaster Okawaru
  6361 | D:6      | Reached skill level 7 in Crossbows
  6404 | D:6      | Reached * piety under Okawaru
  6410 | D:6      | Found Reshox's Book Shoppe.
  6491 | D:6      | Noticed a yak
  6491 | D:6      | Noticed a yak
  6494 | D:6      | Noticed a yak
  6494 | D:6      | Noticed a yak
  6495 | D:6      | Noticed a yak
  6519 | D:6      | Killed a yak
  6522 | D:6      | Killed a yak
  6522 | D:6      | Reached ** piety under Okawaru
  6523 | D:6      | Reached XP level 9. HP: 28/52 MP: 12/12
  6527 | D:6      | Reached skill level 8 in Crossbows
  6539 | D:6      | Reached skill level 5 in Dodging
  6600 | D:6      | Found Viqoteiza's Weapon Shop.
  6894 | D:6      | Found a glowing silver altar of Zin.
  6923 | D:6      | Found Irutow's Armour Shop.
  7009 | D:6      | Found a glowing drain.
  7013 | Sewer    | Entered a sewer
  7416 | Sewer    | Reached skill level 5 in Fighting
  8011 | D:6      | Found Toufeppo's Armour Shop.
  8450 | D:7      | Reached *** piety under Okawaru
  8450 | D:7      | Received a gift from Okawaru
  8451 | D:7      | Reached skill level 5 in Staves
  8578 | D:7      | Reached skill level 9 in Crossbows
  8587 | D:7      | Reached skill level 5 in Armour
  8684 | D:7      | Reached XP level 10. HP: 53/59 MP: 14/14
  8824 | D:7      | Found a runed translucent door.
  8825 | D:7      | Noticed Crazy Yiuf
  8863 | D:7      | Killed Crazy Yiuf
  9715 | D:7      | Reached skill level 5 in Evocations
 10137 | D:8      | Found a blossoming altar of Fedhas.
 10548 | D:8      | HP: 5/60 [something/puff of flame (10)]
 11680 | D:8      | Reached skill level 10 in Crossbows
 11835 | D:9      | Reached **** piety under Okawaru
 11839 | D:9      | Reached skill level 5 in Invocations
 12789 | D:9      | Noticed a two-headed ogre
 12795 | D:9      | Killed a two-headed ogre
 12795 | D:9      | Reached ***** piety under Okawaru
 12795 | D:9      | Received a gift from Okawaru
 12796 | D:9      | Reached XP level 11. HP: 54/64 MP: 14/16
 12800 | D:9      | Got a dazzling lajatang {god gift}
 12801 | D:9      | Identified the +2 lajatang of the Fray {antimagic, rN+
                  | Dex+4} (Okawaru gifted it to you on level 9 of the Dungeon)
 14161 | D:10     | Entered Level 10 of the Dungeon
 14656 | D:10     | Noticed a two-headed ogre
 14674 | D:10     | Noticed Erica
 15138 | D:10     | Killed Erica
 15139 | D:10     | Reached skill level 11 in Crossbows
 15356 | D:10     | Found a staircase to the Lair.
 16098 | D:10     | Noticed Gastronok
 16138 | D:10     | Killed Gastronok
 16138 | D:10     | Received a gift from Okawaru
 16632 | D:10     | Killed an unseen horror
 16633 | D:10     | Reached XP level 12. HP: 33/72 MP: 17/17
 16636 | D:10     | Received a gift from Okawaru
 16910 | D:11     | Found Zehy's Assorted Antiques.
 17089 | D:11     | Found a frozen archway.
 17096 | D:11     | Found a basalt altar of Yredelemnul.
 17109 | IceCv    | Entered an ice cave
 17255 | IceCv    | Received a gift from Okawaru
 17603 | IceCv    | Got a distressingly furry hat
 17614 | IceCv    | Identified the +0 hat of Fanaticism {rPois Str+4} (You
                  | found it in an ice cave)
 17946 | IceCv    | Reached skill level 12 in Crossbows
 18542 | IceCv    | Received a gift from Okawaru
 18813 | IceCv    | Noticed a reaper
 18835 | IceCv    | HP: 4/72 [reaper/+0 scythe of freezing (25)]
 18841 | IceCv    | Mangled by a reaper

Illustrated notes

Levels and vault maps discovered:
D:1:      dpeg_arrival_fog, layout_basic, minmay_liquid_box,
          kennysheep_crisscross, chequers_decorated_corner
D:2:      layout_basic
D:3:      layout_basic
D:4:      layout_basic, serial_undead, serial_undead_b, serial_undead_c,
          serial_undead_d, serial_undead_b, hangedman_abyss_or_decor_slice,
          nicolae_ru_great_annihilating_truth, uniq_menkaure, uniq_sigmund
D:5:      layout_rooms, minmay_temple_entry_purple_smoke,
          serial_co_window_serial, co_window_paths_b, co_window_paths_a,
          co_window_corner_a, co_window_paths_a, co_window_paths_b,
          co_window_corner_a, co_window_corner_a, co_window_2corner,
          co_window_2corner, co_window_broadway_c, co_window_broadway_c,
          co_window_paths_c, co_window_2corner, co_window_corner_b,
          glass_columns_a, kennysheep_generic_room_7
D:6:      layout_loops_ring, basic_altar, gup_sewer_entry_spiral, serial_shops,
          nicolae_shop_waterfront, shop, shop, shop
D:7:      layout_layer_cave, uniq_crazy_yiuf_cottage
D:8:      corexii_shantytown, layout_basic, fedhas_altar_3,
          hangedman_abyss_or_decor_stabs
D:9:      layout_small_grid, serial_ice, serial_ice_c, serial_ice_m,
          serial_ice_e, serial_ice_b, serial_ice_o, serial_ice_f, serial_ice_i,
          serial_ice_g, serial_ice_h, serial_ice_n
D:10:     layout_irregular_city, due_lair_maze_entry_diamond,
          kennysheep_generic_room_2, uniq_gastronok, uniq_erica
D:11:     layout_long_grid, zombieorc2_lemuel, serial_shops,
          nicolae_shop_crystal, basic_altar, portal_ice_cave_rime,
          grunt_ministairs_10, minmay_misc_feat_diagonals, uniq_josephine
Temple:   minmay_crystal_snake_temple
IceCv:    ice_cave_small_demon

Skill      XL: |  1  2  3  4  5  6  7  8  9 10 11 12 |
---------------+-------------------------------------+-----
Staves         | 1 2 3 4 5 6 7 |  7.8
Armour         | 1 2 4 5 6 7 |  7.1
Evocations     | 1 2 3 4 6 7 |  7.2
Crossbows      | 5 6 7 9 10 11 12 | 12.0
Invocations    | 1 2 3 4 5 6 |  6.5
Dodging        | 3 4 5 6 7 |  7.1
Fighting       | 3 4 5 6 7 |  7.5
Stealth        | |  1.0

Action                   |  1- 3 |  4- 6 |  7- 9 | 10-12 || total
-------------------------+-------+-------+-------+-------++-------
Melee: Short sword       |    30 |       |       |       ||    30
       Peck              |    10 |    22 |    25 |   101 ||   158
       Dagger            |    52 |   128 |    50 |       ||   230
       Kick              |    17 |    29 |    49 |   162 ||   257
       Quarterstaff      |       |       |   156 |   173 ||   329
       Lajatang          |       |       |       |   299 ||   299
 Fire: Hand crossbow     |     1 |       |       |       ||     1
       Arbalest          |       |    41 |   174 |   299 ||   514
Invok: Heroism           |       |       |       |     4 ||     4
       Finesse           |       |       |       |     3 ||     3
 Abil: Fly               |       |     1 |       |     1 ||     2
       Stop Flying       |       |       |       |     1 ||     1
Evoke: Wand              |       |       |       |     1 ||     1
  Use: Scroll            |       |       |    15 |     6 ||    21
       Potion            |       |       |       |     6 ||     6
 Stab: Sleeping          |       |     2 |       |       ||     2
       Paralysed         |       |     1 |       |       ||     1
Armor: Leather armour    |    32 |    17 |       |       ||    49
       Scale mail        |       |    14 |    33 |       ||    47
       Chain mail        |       |       |    70 |       ||    70
       Plate armour      |       |       |    20 |   458 ||   478
Dodge: Dodged            |    47 |    80 |   193 |   287 ||   607
Block: Other             |       |       |       |    25 ||    25
